 Dungeon Sprint DCSS version 0.27-a0-1119-gbf574a6a6b (webtiles) character file.

Game seed: 10532774874966994157

256 Zeld the Shield-Bearer (level 6, 0/49 HPs)
             Began as an Octopode Fighter on May 2, 2021.
             Slain by a shadow (32 damage)
             ... in the Dungeon (Sprint III: "The Ten Rune Challenge").
             The game lasted 00:01:43 (910 turns).

Zeld the Shield-Bearer (Octopode Fighter)            Turns: 910, Time: 00:01:44

Health: 0/49       AC:  1    Str: 18    XL:     6   Next: 15%
Magic:  6/6        EV: 12    Int: 10    God:
Gold:   29         SH: 10    Dex: 11    Spells: 5/5 levels left

rFire    . . .     SeeInvis .   a - +0 war axe
rCold    . . .     Faith    .   b - +0 kite shield
rNeg     . . .     Spirit   .   (helmet restricted)
rPois    .         Reflect  .   (no amulet)
rElec    .         Harm     .   (no ring)
rCorr    .         Rampage  .   (no ring)
Will     .....     NoTele   +   (no ring)
Stlth    ++++......             (no ring)
HPRegen  0.16/turn              (no ring)
MPRegen  0.10/turn              (no ring)
                                (no ring)
                                (no ring)

@: no status effects
A: almost no armour, amphibious, 8 rings, camouflage 1, gelatinous body 1,
(nimble swimmer 1), tentacles
a: no special abilities


You were in the Dungeon.
You visited 1 branch You collected 29 gold pieces.

Inventory:

Hand Weapons
 a - a +0 war axe (weapon)
Armour
 b - a +0 kite shield (worn)
Wands
 c - a wand of paralysis (4)
Scrolls
 i - a scroll of blinking
 j - a scroll of fear
 k - a scroll of holy word
Potions
 d - a potion of curing
 e - a potion of heal wounds
 f - a potion of haste
 g - 3 potions of magic
 h - 3 potions of mutation {unknown}
 m - 4 potions of flight


   Skills:
 * Level 7.5 Fighting
 * Level 6.9 Axes
 - Level 3.0 Dodging
 + Level 4.5 Stealth
 * Level 7.5 Shields


You had 5 spell levels left.
You didn't know any spells.
Your spell library contained the following spells:

 Spells                   Type           Power      Damage    Failure   Level
 Summon Small Mammal      Summ           0%         N/A       69%         1
 Call Imp                 Summ           0%         N/A       83%         2
 Call Canine Familiar     Summ           0%         N/A       96%         3
 Summon Guardian Golem    Hex/Summ       0%         N/A       96%         3
 Summon Ice Beast         Ice/Summ       0%         N/A       100%        4
 Summon Lightning Spire   Summ/Air       0%         N/A       100%        4


Dungeon Overview and Level Annotations

Branches:
Dungeon (1/1)

Altars:
Dithmenos
Kikubaaqudgha
Ru
Sif Muna
Vehumet
Yredelemnul


Innate Abilities, Weirdness & Mutations

You cannot wear most types of armour.
You are amphibious.
You can wear up to eight rings at the same time.
Your skin changes colour to match your surroundings (Stealth+).
Your rubbery body absorbs attacks. (AC +1, EV +1)
((You are camouflaged near water. (Stealth+)))
You have tentacles for arms and can constrict up to eight enemies at once.


Message History

The jelly closely misses you. The jelly hits you.
You are splashed with acid!
You slash the jelly!
You kill the jelly!
No target in view!
You start resting.
You start resting.
You start resting.
You start resting.
HP restored.
A shadow comes into view.
The shadow slips into darkness.
The shadow flickers and vanishes!
Deactivating autopickup; reactivate with Ctrl-A.
There is an open door here.
You close the door.
Something unseen opens the door.
The shadow strikes at you from the darkness!
Reactivating autopickup.
The shadow slips into darkness.
The shadow flickers and vanishes!
Deactivating autopickup; reactivate with Ctrl-A.
The shadow strikes at you from the darkness!
Reactivating autopickup.
There is a fountain of clear blue water here.
There is an open door to the Ecumenical Temple here.
You closely miss the shadow. You block the shadow's attack.
You hit the shadow but do no damage. Your squeeze misses the shadow.
You block the shadow's attack.
You hit the shadow.
You squeeze the shadow, but do no damage.
The shadow is lightly damaged.
You block the shadow's attack.
You completely miss the shadow. Your squeeze misses the shadow.
The shadow is lightly damaged.
The shadow slips into darkness.
The shadow flickers and vanishes!
Deactivating autopickup; reactivate with Ctrl-A.
No target in view!
The shadow strikes at you from the darkness!
Ouch! That really hurt!
You die...

▓▓▓▓▓▓▓▓ ▓▓▓ <..#...#### ##.#
#### ...#...†..#####..# #__#
..##.......#..#..# #._#
##.##.##...#?.#..###+#+###)##
##.##.###..##'#..#..........#
#.####.##..###...'.⌠........#
.###..##..####..@#...######'#
#.....##†.###....#.⌠.# #...#
###..##...##.....#...# #...#
##..##....#......#'### #...#
#..###..##.#.....#.).# #...+
#..# #..#####....#___# +...#
▓▓▓▓ ▓▓▓▓ ▓▓▓▓▓▓▓▓▓▓ ▓▓▓▓▓


There were no monsters in sight!

Vanquished Creatures
  A necrophage (D)
  A water elemental (D)
  A jelly (D)
  A wizard (D)
  A necromancer (D)
  A human (D)
  A kobold demonologist (D)
  A phantom (D)
  An endoplasm (D)
  3 rats (D)
12 creatures vanquished.

Notes
Turn   | Place    | Note
-------+----------+-------------------------------------------
     0 | D        | Zeld the Octopode Fighter began the quest for the Orb.
     0 | D        | Reached XP level 1. HP: 16/16 MP: 1/1
    67 | D        | Reached skill level 1 in Stealth
    67 | D        | Reached XP level 2. HP: 23/23 MP: 2/2
    70 | D        | Reached XP level 3. HP: 25/27 MP: 3/3
   285 | D        | Noticed a water elemental
   294 | D        | Killed a water elemental
   295 | D        | Reached skill level 5 in Fighting
   295 | D        | Reached skill level 5 in Shields
   295 | D        | Reached XP level 4. HP: 5/35 MP: 4/4
   569 | D        | Found a basalt altar of Yredelemnul.
   569 | D        | Found a shadowy altar of Dithmenos.
   569 | D        | Found a sacrificial altar of Ru.
   569 | D        | Noticed a necrophage
   572 | D        | Killed a necrophage
   573 | D        | Reached skill level 5 in Axes
   573 | D        | Reached XP level 5. HP: 40/42 MP: 5/5
   733 | D        | Found a radiant altar of Vehumet.
   733 | D        | Found a shimmering blue altar of Sif Muna.
   733 | D        | Found an ancient bone altar of Kikubaaqudgha.
   742 | D        | Reached XP level 6. HP: 45/49 MP: 6/6
   893 | D        | Noticed a shadow
   910 | D        | Slain by a shadow

Illustrated notes

Levels and vault maps discovered:
D:        dungeon_sprint_mu [sprint_mu_entry_cave, sprint_mu_temple_rooms,
          sprint_mu_d1_horrors, sprint_mu_d2_genie, sprint_mu_d3_branching,
          sprint_mu_orc_legion, sprint_mu_elf_gauntlet, sprint_mu_hive_nellie,
          sprint_mu_lair_fedhas, sprint_mu_vaults_butterflies,
          sprint_mu_slime_circle, sprint_mu_shoals_kraken,
          sprint_mu_snake_twists, sprint_mu_blade_basic, sprint_mu_crypt_lich,
          sprint_mu_tomb_spiral, sprint_mu_vestibule_basic,
          sprint_mu_gehenna_hellfire, sprint_mu_dis_giant,
          sprint_mu_tartarus_statrot, sprint_mu_cocytus_islands, sprint_mu_zot1]

Skill      XL: |  1  2  3  4  5 |
---------------+----------------+-----
Fighting       | 4 5 6 7 |  7.5
Axes           | 3 4 5 6 |  6.9
Stealth        | 1 2 3 4 |  4.5
Shields        | 4 5 6 7 |  7.5
Dodging        | |  3.0

Action                   |  1- 3 |  4- 6 || total
-------------------------+-------+-------++-------
Melee: War axe           |    16 |    17 ||    33
       Constrict         |     3 |     4 ||     7
       Tentacles         |     3 |     3 ||     6
  Use: Potion            |     2 |       ||     2
       Scroll            |     3 |       ||     3
 Stab: Sleeping          |     2 |     1 ||     3
Dodge: Dodged            |     6 |     7 ||    13
Block: Kite shield       |     7 |     7 ||    14

Table legend: (Time is in decaauts)
 A = Elapsed time spent in this place.
 B = Non-inter-level travel time spent in this place.
 C = Inter-level travel time spent in this place.
 D = Time resting spent in this place.
 E = Time spent auto-exploring this place.
 F = Levels seen in this place.
 G = Mean time per level.
                   A        B        C        D        E       F      G
               +--------+--------+--------+--------+--------+-----+--------+
         Total |    937 |    937 |      0 |    714 |      0 |   1 |  937.0 |
       Dungeon |    937 |    937 |      0 |    714 |      0 |   1 |  937.0 |
               +--------+--------+--------+--------+--------+-----+--------+

Top non-repeatable levels by time:
       D: 937 daAuts
